cohdb
Replays
Latest Replays
All Replays
Popular Replays
Top Player Replays
Match Explorer
How It Works
Community
CoH3 Stats
Reddit
Sign in to upload your games and track your stats! →
Sign in with Steam
Match 36545442
Unlisted
Match 36545442
Overview
Messages
Build Orders
End
Kradschützen Motorcycle Team
Selects Italian Infantry
Panzerpioneer Squad
Panzergrenadier Squad
Panzergrenadier Squad
Construct Light Support Kompanie
MG34 Team
Fire Support Elements
Flakvierling Half-track
Selects Guastatori Squad
Panzerjäger Mechanized Group
2.5-tonne Medical Truck
Veteran Squad Leaders
Selects Registered Artillery
Construct Panzerarmee Kommand
Guastatori Squad
2.5-tonne Medical Truck
Construct Panzerarmee Kommand
Selects Towed Cannone da 105/28 Field Howitzer
Selects Sound the Alarm
le.IG 18 Mechanized Group
Construct Panzerarmee Kommand
Walking Stuka Rocket Launcher
Registered Artillery
Dima
OMJimas
GoLdenCoBRaaa
MähnGiL
0
0
Comments
sign in to comment!
No comments posted yet!